 Dungeon Crawl Stone Soup version 0.29-a0-1047-g7c58e119a4 (webtiles) character file.

Game seed: 17627374860301656175

238 nickcage the Spear-Bearer (level 6, -9/44 HPs)
             Began as a Merfolk Gladiator on Aug 16, 2022.
             Mangled by an ogre
             ... wielding a +0 giant spiked club
              (26 damage)
             ... on level 3 of the Dungeon.
             The game lasted 00:05:07 (2910 turns).

nickcage the Spear-Bearer (Merfolk Gladiator)       Turns: 2910, Time: 00:05:08

Health: -9/44      AC:  9    Str: 17    XL:     6   Next: 7%
Magic:  6/6        EV: 11    Int:  7    God:
Gold:   76         SH:  0    Dex: 15    Spells: 5/5 levels left

rFire   . . .      SeeInvis .   a - +0 trident
rCold   . . .      Faith    .   (no shield)
rNeg    . . .      Spirit   .   m - +0 scale mail
rPois   .          Reflect  .   c - +0 helmet
rElec   .          Harm     .   i - +0 cloak
rCorr   .          Rampage  .   (no gloves)
Will    .....                   q - +0 pair of boots
Stlth   ..........              (no amulet)
HPRegen 0.14/turn               (no ring)
MPRegen 0.10/turn               (no ring)

@: no status effects
A: (nimble swimmer 2), mertail
a: no special abilities


You were on level 3 of the Dungeon.
You visited 1 branch of the dungeon, and saw 3 of its levels.

You collected 76 gold pieces.

Inventory:

Hand Weapons
 a - a +0 trident (weapon)
Missiles
 d - 2 throwing nets (quivered)
Armour
 b - a +0 leather armour
 c - a +0 helmet (worn)
 i - a +0 cloak (worn)
 k - a +0 ring mail
 m - a +0 scale mail (worn)
 q - a +0 pair of boots (worn)
Jewellery
 n - a +4 ring of evasion
Scrolls
 f - a scroll of blinking {unknown}
 g - 3 scrolls of identify {unknown}
 h - a scroll of fear {unknown}
 j - a scroll of magic mapping {unknown}
 p - a scroll of poison {unknown}
 r - a scroll of noise {unknown}
 s - a scroll of butterflies {unknown}
Potions
 l - 2 potions of lignification {unknown}
 o - a potion of degeneration {unknown}


   Skills:
 - Level 2.1 Fighting
 + Level 8.7 Polearms
 - Level 2.0 Throwing
 - Level 4.0 Dodging


You had 5 spell levels left.
You didn't know any spells.
Your spell library was empty.

Dungeon Overview and Level Annotations

Branches:
Dungeon (3/15)

Altars:


Innate Abilities, Weirdness & Mutations

((You are very nimble when in or above water. (Stealth+, EV+, Speed+++)))
Your lower body shifts to a powerful aquatic tail in water.


Message History

You have reached level 6!
You start resting.
A ball python comes into view.
The ball python hisses angrily.
Things that are here:
a +0 dagger; a +0 robe; an orc corpse The ball python bites you but does no damage.
The ball python misses you.
You puncture the ball python!
You kill the ball python!
No target in view!
HP restored.
s - a scroll labelled WINOLAE ANKYI An ogre comes into view.
It is wielding a +0 giant spiked club.
Found a glowing ring mail and a helmet.
The ogre shouts!
You throw a javelin. The javelin pierces through the ogre.
The ogre is moderately wounded.
A frilled lizard comes into view.
You reach to attack!
You hit the ogre but do no damage.
The ogre is lightly wounded.
You hit the ogre but do no damage.
The ogre is lightly wounded.
The ogre hits you with a +0 giant spiked club!!
You closely miss the ogre.
The ogre is lightly wounded.
You hit the ogre.
The ogre is moderately wounded.
The ogre misses you.
You hit the ogre.
The ogre is moderately wounded.
The ogre hits you with a +0 giant spiked club!
You are too injured to fight recklessly!
You hit the ogre.
The ogre is heavily wounded.
You hit the ogre.
The ogre is heavily wounded.
The ogre hits you with a +0 giant spiked club!!
Ouch! That really hurt!
You die...

#.# #.#
#.# #.#
##.#
.(#####..#
⌠.[.[lO..#
#@.# ##.#
#.# #.#
#.#######
##.......#
#..†.....#
#........#
#........#


You could see an ogre and a frilled lizard.

Vanquished Creatures
  A jelly (D:3)
  Jessica (D:2)
  An orc wizard (D:3)
  Natasha (twice) (D:2)
  Robin (D:2)
  2 adders (D:2)
  3 worms
  A dart slug (D:1)
  3 orcs (D:3)
  3 endoplasms
  2 giant cockroaches
  13 goblins
  3 hobgoblins
  13 jackals
  A quokka (D:2)
  3 ball pythons
  5 bats
  2 frilled lizards
  5 rats
65 creatures vanquished.

Notes
Turn   | Place    | Note
-------+----------+-------------------------------------------
     0 | D:1      | nickcage the Merfolk Gladiator began the quest for the Orb.
     0 | D:1      | Reached XP level 1. HP: 16/16 MP: 1/1
    96 | D:1      | Reached XP level 2. HP: 3/22 MP: 2/2
   406 | D:1      | Reached skill level 5 in Polearms
   852 | D:1      | Reached XP level 3. HP: 27/27 MP: 3/3
   943 | D:1      | Found a faded altar of an unknown god.
  1397 | D:2      | Noticed Jessica
  1419 | D:2      | Killed Jessica
  1420 | D:2      | Reached skill level 6 in Polearms
  1674 | D:2      | Reached XP level 4. HP: 33/33 MP: 4/4
  1716 | D:2      | Noticed Robin
  2069 | D:2      | Killed Robin
  2070 | D:2      | Reached skill level 7 in Polearms
  2194 | D:2      | Noticed Natasha
  2201 | D:2      | Killed Natasha
  2202 | D:2      | Reached XP level 5. HP: 33/38 MP: 5/5
  2571 | D:2      | Noticed Natasha
  2575 | D:2      | Killed Natasha
  2576 | D:2      | Reached skill level 8 in Polearms
  2726 | D:3      | Reached XP level 6. HP: 21/44 MP: 6/6
  2910 | D:3      | Mangled by an ogre

Illustrated notes

Levels and vault maps discovered:
D:1:      dpeg_arrival_boxes_within_box, layout_basic,
          shapermc_ecumenical_altar_petra
D:2:      layout_basic, uniq_jessica, uniq_natasha, uniq_robin
D:3:      layout_rooms, lemuel_doored_altar,
          nicolae_wu_jian_immortal_techniques, grunt_temple_overflow_cloverleaf,
          kennysheep_generic_room_6, uniq_ijyb

Skill      XL: |  1  2  3  4  5 |
---------------+----------------+-----
Polearms       | 5 6 7 8 |  8.7
Fighting       | |  2.1
Throwing       | |  2.0
Dodging        | |  4.0

Action                   |  1- 3 |  4- 6 || total
-------------------------+-------+-------++-------
Melee: Trident           |    86 |   159 ||   245
       Punch             |     2 |       ||     2
Throw: Throwing net      |     1 |       ||     1
       Javelin           |       |     1 ||     1
 Stab: Sleeping          |     1 |       ||     1
Armor: Leather armour    |    23 |       ||    23
       Ring mail         |     4 |       ||     4
       Scale mail        |     1 |    49 ||    50
Dodge: Dodged            |    68 |    42 ||   110

Table legend: (Time is in decaauts)
 A = Elapsed time spent in this place.
 B = Non-inter-level travel time spent in this place.
 C = Inter-level travel time spent in this place.
 D = Time resting spent in this place.
 E = Time spent auto-exploring this place.
 F = Levels seen in this place.
 G = Mean time per level.
                   A        B        C        D        E       F      G
               +--------+--------+--------+--------+--------+-----+--------+
         Total |   2904 |   2814 |     90 |    579 |   1711 |   3 |  968.0 |
       Dungeon |   2904 |   2814 |     90 |    579 |   1711 |   3 |  968.0 |
               +--------+--------+--------+--------+--------+-----+--------+

Top non-repeatable levels by time:
     D:1: 1413 daAuts
     D:2: 1190 daAuts
     D:3: 300 daAuts
